 Dungeon Crawl Stone Soup version 0.27-a0-887-gcab673c142 (webtiles) character file.

Game seed: 2868805181352959205

149 wakim the Sneak (level 5, -2/24 HPs)
             Began as a Spriggan Enchanter on Apr 3, 2021.
             Slain by a gnoll
             ... wielding a +0 spear
              (10 damage)
             ... on level 5 of the Dungeon.
             The game lasted 00:08:54 (2586 turns).

wakim the Sneak (Spriggan Enchanter)                Turns: 2586, Time: 00:08:55

Health: -2/24      AC:  2    Str:  4    XL:     5   Next: 9%
Magic:  6/10       EV: 18    Int: 23    God:
Gold:   155        SH:  0    Dex: 16    Spells: 6/9 levels left

rFire    . . .     SeeInvis +   a - +1 dagger {short}
rCold    . . .     Faith    .   (shield restricted)
rNeg     . . .     Spirit   .   e - +0 robe
rPois    .         Reflect  .   (helmet restricted)
rElec    .         Harm     .   g - scarf {shadows}
rCorr    .         Rampage  .   (gloves unavailable)
Will     .....                  (boots unavailable)
Stlth    +++.......             (no amulet)
HPRegen  0.08/turn              f - +6 ring of intelligence
MPRegen  0.12/turn              (no ring)

@: very quick
A: very small, no large weapons, unfitting armour, see invisible, speed 3
a: no special abilities


You were on level 5 of the Dungeon.
You visited 2 branches of the dungeon, and saw 6 of its levels.

You collected 155 gold pieces.


Innate Abilities, Weirdness & Mutations

You are very small and have problems with some larger weapons.
You are too small for most types of armour.
You have supernaturally acute eyesight. (SInv)
You cover ground extremely quickly. (Speed+++)


   Skills:
 * Level 3.1 Short Blades
 - Level 4.0 Dodging
 - Level 6.0 Stealth
 - Level 2.6 Spellcasting
 - Level 4.0 Hexes
 + Level 1.2 Ice Magic


You had 6 spell levels left.
You knew the following spells:

 Your Spells              Type           Power      Damage    Failure   Level
a - Corona                Hex            23%        N/A       2%          1
g - Ensorcelled Hibernat  Hex/Ice        30%        N/A       6%          2

Your spell library contained the following spells:

 Spells                   Type           Power      Damage    Failure   Level
 Confusing Touch          Hex            21%        N/A       7%          3
 Tukima's Dance           Hex            21%        N/A       7%          3
 Dazzling Flash           Conj/Hex       24%        N/A       16%         3

Inventory:

Hand Weapons
 a - a +1 dagger (weapon) {short}
 b - a +2 short sword of draining {short}
   (You took it off a kobold on level 1 of the Dungeon)
Missiles
 s - 45 stones {throwing}
Armour
 e - a +0 robe (worn)
 g - a scarf of shadows (worn)
   (You found it on level 6 of the Dungeon)
Jewellery
 f - a +6 ring of intelligence (left hand)
   (You found it on level 1 of the Dungeon)
Wands
 z - a wand of polymorph (15)
   (You found it on level 5 of the Dungeon)
Scrolls
 c - a scroll of fog {unknown}
 h - a scroll of fear {unknown}
Potions
 d - 2 potions of flight {unknown}
 i - a potion of degeneration {unknown}

Dungeon Overview and Level Annotations

Branches:
Dungeon (6/15)             Temple (1/1) D:5

Altars:
Ashenzari
Kikubaaqudgha
Ru
Trog
Xom

Shops:
D:1

= .###....# ..##.#..##
.......... .o.>.# ###..##
##....###...
>..##....#######
...).....#.....#####
#..#######._.○..@g.# #..#
#.....###.## ...#
#######....# $..#####
##.#...#
.......##########.###.##
.......g................
.#..#...g....#..........#
#....g######.............
####..# ######..#####


You could see a gnoll.


Message History

The gnoll shaman shouts!
The gnoll shouts!
You hear a shout! x2
A gnoll comes into view. It is wielding a +0 club.
There is an escape hatch in the floor here. 😨 MP[+1]
A phantom comes into view.
The orc wizard points at itself and mumbles some strange words.
The orc wizard flickers and vanishes for a moment.
There is a staircase to the Ecumenical Temple here.
You can't go up here!
You climb downwards.
Welcome to the Ecumenical Temple!
There is a staircase back to the Dungeon here.
You start resting. 😮 HP[+5] MP[+7]
You regained 5 hp, and now have 14/24 hp.
Your mp is fully restored (10).
You start resting. 😎 HP[+10]
Your hp is fully restored (24).
You can't go down here!
You climb upwards.
Welcome back to the Dungeon!
The phantom misses you. The phantom hits you.
There is a staircase to the Ecumenical Temple here. 😕 HP[-4]
You take 4 damage, and now have 20/24 hp.
The gnoll shouts!
You hear a shout! x2
An orc comes into view.
It is wielding a +3 antimagic short sword.
A gnoll comes into view. It is wielding a +0 whip. 😕 HP[+1]
Casting: Ensorcelled Hibernation (safe; 6% risk of failure)
Confirm with . or Enter, or press ? or * to list all spells.
Aiming: Ensorcelled Hibernation (safe; 6% risk of failure)
Press: ? - help, Shift-Dir - straight line, f - orc
Aim: an orc, wielding a +0 short sword and wearing a +0 leather armour (chance to affect: 62%)
The orc looks drowsy... 😕 MP[-2]
You lost 2 mp, and now have 8/10 mp.
The helpless orc fails to defend itself.
You impale the orc!!
You kill the orc! 😕 MP[+1]
i - a pink potion 😕 HP[+1]
You now have 139 gold pieces (gained 13).
There are no items here. 😕 MP[+1]
Your mp is fully restored (10).
You see here a wand of polymorph (15).
z - a wand of polymorph (15) 😕 HP[+1]
The orc wizard shouts!
The orc shouts!
A gnoll comes into view. It is wielding a +0 flail.
You see here 16 gold pieces.
You now have 155 gold pieces (gained 16). 😎 HP[+1]
Your hp is fully restored (24).
The gnoll shouts! x2
The gnoll closely misses you.
The gnoll hits you with a +0 club. 😕 HP[-4]
You take 4 damage, and now have 20/24 hp.
The gnoll misses you.
The gnoll hits you from afar with a +0 spear!
* * * LOW HITPOINT WARNING * * *
😨 HP[-9]
You take 9 damage, and now have 11/24 hp.
MASSIVE DAMAGE!! (PAUSE) 😨 HP[+1]
Found a bloodstained altar of Trog.
The spellbook bursts into flames!
Trog roars with delight!
You start resting.
A gnoll is nearby! 😮 HP[+1]
Casting: Ensorcelled Hibernation (safe; 6% risk of failure)
Confirm with . or Enter, or press ? or * to list all spells.
You don't know that spell.
Unknown command.
Casting: Ensorcelled Hibernation (safe; 6% risk of failure)
Confirm with . or Enter, or press ? or * to list all spells.
Aiming: Ensorcelled Hibernation (safe; 6% risk of failure)
Press: ? - help, Shift-Dir - straight line, f - gnoll
Aim: a gnoll, wielding a +0 club (chance to affect: 53%)
The gnoll looks drowsy...
The gnoll misses you. 😮 MP[-2]
You lost 2 mp, and now have 8/10 mp.
The helpless gnoll fails to defend itself.
You impale the gnoll!!
You kill the gnoll!
The gnoll hits you with a +0 spear.
* * * LOW HITPOINT WARNING * * *
You see here a +0 club {mace}. 😨 HP[-5]
You take 5 damage, and now have 8/24 hp.
MASSIVE DAMAGE!! (PAUSE)
Casting: Ensorcelled Hibernation (safe; 6% risk of failure)
Confirm with . or Enter, or press ? or * to list all spells.
Aiming: Ensorcelled Hibernation (safe; 6% risk of failure)
Press: ? - help, Shift-Dir - straight line, f - gnoll
Aim: a gnoll, wielding a +0 spear (chance to affect: 54%)
The gnoll resists with significant effort.
The gnoll hits you with a +0 spear!
You die...

Skill      XL: |  1  2  3  4 |
---------------+-------------+-----
Dodging        | 3 4 |  4.0
Stealth        | 5 6 |  6.0
Short Blades   | 2 3 |  3.1
Hexes          | 4 |  4.0
Ice Magic      | 1 |  1.2
Spellcasting   | |  2.6

Action                   |  1- 3 |  4- 6 || total
-------------------------+-------+-------++-------
Melee: Dagger            |   108 |     5 ||   113
 Cast: Ensorcelled Hiber |    19 |     7 ||    26
 Stab: Sleeping          |    19 |     4 ||    23
       Invisible         |     1 |       ||     1
       Paralysed         |     1 |       ||     1
Armor: Robe              |    12 |       ||    12
Dodge: Dodged            |    85 |     5 ||    90

Levels and vault maps discovered:
D:1:      ncdulo_lavacross, layout_loops_cross, shapermc_ecumenical_altar_venn,
          serial_shops, shop_fountains
D:2:      layout_rooms
D:3:      layout_basic, nicolae_ru_great_annihilating_truth,
          nicolae_qazlal_general_emergency, ebering_ghost_inner_flame,
          serial_bayou_lagoon_a, glass_columns_c, minmay_box_of_dots
D:5:      layout_rooms, trog_book, minmay_temple_entry_arrows, st_stairs_8,
          serial_bayou_pond_b
D:6:      layout_loops_ring, makhleb_blood_cavern_becter,
          nicolae_vehumet_altar_sigil,
          chequers_temple_overflow_statue_of_worship, st_stairs_14
Temple:   nicolae_temple_figure_zero

Notes
Turn   | Place    | Note
-------+----------+-------------------------------------------
     0 | D:1      | wakim the Spriggan Enchanter began the quest for the Orb.
     0 | D:1      | Reached XP level 1. HP: 9/9 MP: 5/5
     0 | D:1      | magus.rc [v1.9.6]
   166 | D:1      | You fall into a shaft and drop 1 floor!
   199 | D:1      | Reached skill level 3 in Dodging
   258 | D:1      | Reached skill level 5 in Stealth
   258 | D:1      | Reached XP level 2. HP: 13/13 MP: 6/6
   279 | D:1      | Found a faded altar of an unknown god.
   703 | D:1      | Learned a level 2 spell: Ensorcelled Hibernation
   873 | D:1      | Found Itiefueg's Jewellery Boutique.
  1335 | D:2      | You fall into a shaft and drop 1 floor!
  1347 | D:3      | HP: 3/12 [goblin/+0 dagger (1)]
  1351 | D:3      | Reached XP level 3. HP: 4/15 MP: 1/8
  1752 | D:3      | Reached skill level 4 in Dodging
  1776 | D:3      | Noticed a scorpion
  1824 | D:3      | Found a sacrificial altar of Ru.
  1855 | D:3      | Reached skill level 6 in Stealth
  1911 | D:3      | Killed a scorpion
  1912 | D:3      | Reached skill level 2 in Short Blades
  1912 | D:3      | Reached skill level 4 in Hexes
  1912 | D:3      | Reached skill level 1 in Ice Magic
  1912 | D:3      | Reached XP level 4. HP: 15/21 MP: 3/9
  2004 | D:3      | You fall into a shaft and drop 3 floors!
  2217 | D:6      | Found a broken altar of Ashenzari.
  2217 | D:6      | Found an ancient bone altar of Kikubaaqudgha.
  2218 | D:6      | Found a shimmering altar of Xom.
  2253 | D:5      | Entered Level 5 of the Dungeon
  2271 | D:5      | Reached skill level 3 in Short Blades
  2271 | D:5      | Reached XP level 5. HP: 18/24 MP: 5/10
  2285 | D:5      | Found a staircase to the Ecumenical Temple.
  2285 | D:5      | Noticed a phantom
  2293 | Temple   | Entered the Ecumenical Temple
  2570 | D:5      | Found a bloodstained altar of Trog.
  2586 | D:5      | Slain by a gnoll

Vanquished Creatures
  A scorpion (D:3)
  An orc wizard (D:3)
  A gnoll (D:5)
  A white imp (D:6)
  3 dart slugs
  2 orcs (D:5)
  2 endoplasms (D:1)
  2 giant cockroaches
  3 goblins
  A hobgoblin (D:3)
  6 jackals
  A quokka (D:3)
  2 ball pythons (D:1)
  5 bats
  4 frilled lizards
  4 kobolds (D:1)
  3 rats
42 creatures vanquished.

Vanquished Creatures (others)
  2 plants (D:3)
2 creatures vanquished.

Grand Total: 44 creatures vanquished

Table legend:
 A = Non-vault XP
 B = Vault XP
 C = Vault XP percentage of total XP
 D = Non-vault monster count
 E = Vault monster count
 F = Vault count percentage of total count
                 A         B        C        D         E       F
            +---------+---------+-------+---------+---------+-------
      Total |     175 |      38 |  17.8 |      38 |       4 |   9.5
            +---------+---------+-------+---------+---------+-------
        D:1 |      35 |       0 |   0.0 |      22 |       0 |   0.0
        D:2 |       1 |       0 |   0.0 |       1 |       0 |   0.0
        D:3 |     109 |      38 |  25.9 |      11 |       4 |  26.7
        D:5 |      20 |       0 |   0.0 |       3 |       0 |   0.0
        D:6 |      10 |       0 |   0.0 |       1 |       0 |   0.0
            +---------+---------+-------+---------+---------+-------

Illustrated notes

Table legend:
 A = Kills in this place as a percentage of kills in entire the game.
 B = Kills by you in this place as a percentage of kills by you in the entire game.
 C = Kills by friends in this place as a percentage of kills by friends in the entire game.
 D = Other kills in this place as a percentage of other kills in the entire game.
 E = Experience gained in this place as a percentage of experience gained in the entire game.
 F = Experience gained in this place divided by the number of levels of this place that you have seen.
                   A       B       C       D       E      F
               +-------+-------+-------+-------+-------+----------------------
         Total | 100.0 | 100.0 |   N/A |   N/A | 100.0 |  35.5
       Dungeon | 100.0 | 100.0 |   N/A |   N/A | 100.0 |  42.6
               +-------+-------+-------+-------+-------+----------------------

Table legend: (Time is in decaauts)
 A = Elapsed time spent in this place.
 B = Non-inter-level travel time spent in this place.
 C = Inter-level travel time spent in this place.
 D = Time resting spent in this place.
 E = Time spent auto-exploring this place.
 F = Levels seen in this place.
 G = Mean time per level.
                   A        B        C        D        E       F      G
               +--------+--------+--------+--------+--------+-----+--------+
         Total |   2160 |   2148 |     12 |    476 |   1237 |   6 |  360.0 |
       Dungeon |   1982 |   1970 |     12 |    300 |   1237 |   5 |  396.4 |
        Temple |    177 |    177 |      0 |    176 |      0 |   1 |  177.0 |
               +--------+--------+--------+--------+--------+-----+--------+

Top non-repeatable levels by time:
     D:1: 1063 daAuts
     D:3: 617 daAuts
     D:6: 186 daAuts
  Temple: 177 daAuts
     D:5: 104 daAuts
     D:2: 11 daAuts
